Map: Station Proxima EC

Players

Sakio

  • Race: Protoss Protoss
  • League: Platinum
  • Spawn Location: 1:00

zidar - Winner!

  • Race: Zerg Zerg
  • League: Gold
  • Spawn Location: 7:00

VOD

Have the link to the VOD?

Description

Time

  • Played on: July 6, 2017, 2:44 p.m.
  • Length: 18:27
Show
View Real Time Build Order
Export as new Build Order

Sakio Protoss 

Build Orders: Archon Immortal 

Get SALT Encoding   

  12  0:01  Probe (Chrono Boost)  
  13  0:17  Pylon  
  13  0:19  Probe (Chrono Boost)  
  14  0:30  Probe (Chrono Boost)  
  15  0:36  Gateway  
  15  0:41  Assimilator  
  15  0:45  Probe (Chrono Boost)  
  16  0:56  Probe (Chrono Boost)  
  17  1:06  Probe (Chrono Boost)  
  18  1:17  Probe (Chrono Boost)  
  19  1:24  Gateway  
  19  1:29  Cybernetics Core  
  19  1:32  Probe (Chrono Boost)  
  20  1:37  Pylon  
  20  1:41  Assimilator  
  20  1:42  Probe (Chrono Boost)  
  21  1:53  Probe (Chrono Boost)  
  22  2:05  Warp Gate (Chrono Boost)  
  22  2:13  Mothership Core (Chrono Boost)  
  24  2:18  Adept  
  24  2:20  Adept  
  28  2:31  Probe (Chrono Boost)  
  29  2:51  Nexus  
  29  2:52  Pylon  
  29  2:55  Robotics Facility  
  29  3:11  Adept  
  29  3:12  Adept  
  33  3:51  Immortal  
  37  4:00  Gateway  
  37  4:02  Gateway  
  37  4:23  Probe x2 (Chrono Boost)  
  39  4:24  Twilight Council  
  39  4:28  Pylon  
  39  4:33  Probe (Chrono Boost)  
  39  4:34  Probe (Chrono Boost)  
  41  4:42  Immortal  
  41  4:44  Probe x2 (Chrono Boost)  
  47  4:55  Probe (Chrono Boost)  
  47  4:58  Charge (Chrono Boost)  
  46  5:04  Probe (Chrono Boost)  
  46  5:05  Probe  
  48  5:14  Probe  
  48  5:15  Forge  
  48  5:17  Probe  
  50  5:21  Pylon  
  50  5:25  Probe  
  51  5:29  Probe  
  52  5:35  Probe  
  52  5:42  Probe  
  54  5:43  Pylon  
  54  5:44  Assimilator  
  54  5:46  Protoss Ground Weapons Level 1 (Chrono Boost)  
  54  5:47  Probe, Assimilator  
  55  5:54  Probe  
  55  5:55  Sentry x3  
  55  5:57  Sentry  
  64  5:59  Probe  
  65  6:06  Probe  
  66  6:11  Probe  
  66  6:12  Immortal  
  66  6:18  Probe  
  72  6:23  Probe  
  72  6:25  Gateway x2  
  73  6:27  Gateway  
  73  6:30  Probe  
  74  6:52  Nexus  
  74  6:56  Pylon  
  74  7:00  Immortal  
  78  7:07  Pylon x2  
  78  7:14  Protoss Ground Armor Level 1  
  78  7:30  Photon Cannon  
  78  7:32  Photon Cannon  
  78  7:48  Templar Archives  
  78  7:52  Pylon  
  78  7:56  Zealot x5  
  78  7:57  Zealot x2  
  92  8:01  Immortal  
  96  8:06  Assimilator  
  96  8:07  Assimilator  
  96  8:11  Probe (Chrono Boost)  
  96  8:12  Probe (Chrono Boost)  
  99  8:13  Probe (Chrono Boost)  
  99  8:22  Probe x2 (Chrono Boost)  
  99  8:25  Psionic Storm, Probe (Chrono Boost)  
  99  8:26  High Templar x2  
  106  8:27  High Templar x2  
  106  8:30  Archon  
  106  8:31  Archon  
  106  8:32  Probe (Chrono Boost)  
  111  8:37  Probe (Chrono Boost), Zealot  
  111  8:38  Zealot x2  
  118  8:43  Immortal  
  118  8:46  Probe x2 (Chrono Boost)  
  125  8:49  Probe (Chrono Boost)  
  125  8:50  Protoss Ground Weapons Level 2  
  125  9:04  Pylon  
  125  9:22  Probe x2 (Chrono Boost)  
  125  9:23  Probe (Chrono Boost)  
  128  9:30  Photon Cannon  
  128  9:31  Warp Prism (Chrono Boost)  
  128  9:32  Photon Cannon  
  130  9:57  High Templar  
  132  10:02  Pylon  
  132  10:04  Pylon  
  132  10:06  Pylon  
  132  10:43  Sentry x2  
  132  10:44  Sentry x3  
  142  10:50  Zealot  
  144  11:05  Nexus  
  144  11:08  High Templar, Pylon x2  
  146  11:20  Robotics Facility  
  146  11:23  Immortal (Chrono Boost)  
  146  11:25  Protoss Ground Armor Level 2  
  150  11:28  Zealot x2  
  150  11:29  Zealot x4  
  162  11:35  Gateway  
  162  11:36  Gateway  
  162  11:39  Gateway x3  
  162  11:42  Gateway  
  162  11:46  Stargate  
  162  11:49  High Templar x4  
  162  11:50  High Templar  
  172  11:55  Archon x2, Pylon  
  172  12:01  Pylon  
  172  12:02  Pylon  
  172  12:13  High Templar  
  178  12:17  Archon  
  178  12:23  Zealot x3  
  178  12:24  Zealot x3  
  178  12:29  Observer (Chrono Boost)  
  187  12:32  Probe x2  
  187  12:33  Probe  
  187  12:34  Probe  
  191  12:38  Assimilator x2  
  191  12:42  Fleet Beacon  
  191  12:43  Probe x2  
  191  12:46  Probe x2  
  191  12:48  Immortal (Chrono Boost)  
  199  12:53  Probe  
  131  14:02  Probe x2  
  125  14:03  Probe x2  
  125  14:08  Stargate  
  135  14:11  Stargate  
  135  14:15  Probe  
  136  14:18  Stargate  
  136  14:20  Stargate  
  136  14:25  Carrier (Chrono Boost)  
  118  14:43  Stargate  
  96  14:55  Blink (Chrono Boost)  
  96  15:01  Nexus  
  96  15:04  Pylon  
  96  15:05  High Templar x3, Pylon  
  96  15:06  High Templar x6  
  96  15:07  High Templar x2  
  116  15:09  Archon  
  116  15:10  Archon x3  
  116  15:11  Archon  
  116  15:33  High Templar  
  116  15:37  Stalker  
  118  15:45  Carrier  
  118  15:48  Stalker x2  
  118  15:49  Stalker x6  
  134  15:50  Stalker  
  134  15:52  Assimilator  
  134  15:55  Assimilator  
  102  16:19  Zealot x2  
  102  16:20  Zealot x3  
  102  16:21  Stalker x3  
  102  16:22  Stalker  
  98  17:04  Carrier (Chrono Boost)  
  97  17:09  Carrier (Chrono Boost)  
  97  17:10  Zealot x4  
  97  17:11  Zealot x5  
  97  17:12  Zealot x4  
  59  18:14  High Templar  
  59  18:15  High Templar x5  
  59  18:16  High Templar x2  
  59  18:18  Archon  
  59  18:19  Archon x2  
Show
View Real Time Build Order
Export as new Build Order

zidar Zerg - Winner!

Build Orders: Pool First, Brood Lord Corruptor 

Get SALT Encoding   

  12  0:02  Drone  
  13  0:13  Overlord  
  13  0:17  Drone  
  14  0:31  Drone x2  
  14  0:35  Drone  
  17  0:49  Spawning Pool, Drone  
  17  1:14  Hatchery  
  17  1:16  Drone  
  17  1:20  Drone  
  17  1:21  Extractor  
  17  1:36  Queen  
  19  1:41  Drone  
  19  1:43  Overlord  
  20  2:01  Drone  
  21  2:03  Drone  
  22  2:11  Queen  
  24  2:19  Zergling x4  
  26  2:26  Zergling x2  
  26  2:28  Metabolic Boost  
  26  3:09  Roach Warren  
  29  3:27  Drone x11  
  29  3:29  Overlord  
  29  3:30  Overlord  
  35  3:53  Roach x3  
  35  3:54  Roach  
  43  4:02  Drone  
  43  4:19  Hatchery  
  43  4:23  Queen  
  44  4:34  Lair  
  44  4:36  Drone x7  
  51  4:43  Extractor  
  49  5:09  Extractor  
  48  5:30  Roach  
  48  5:31  Roach  
  48  5:32  Overlord x3  
  48  5:33  Overlord x2  
  52  5:42  Queen  
  54  5:45  Drone x3  
  57  5:51  Extractor  
  56  6:06  Evolution Chamber  
  56  6:08  Hydralisk Den  
  54  6:11  Evolution Chamber  
  53  6:26  Drone x8  
  53  6:27  Drone x3  
  53  6:29  Drone x2  
  66  6:36  Zerg Missile Weapons Level 1  
  66  6:38  Muscular Augments  
  66  6:42  Hydralisk x6  
  78  7:05  Overlord  
  78  7:10  Zergling x18  
  87  7:22  Baneling Nest, Zerg Melee Weapons Level 1  
  87  7:24  Glial Reconstitution  
  87  7:27  Hydralisk x3  
  92  7:37  Extractor, Drone x2  
  92  7:38  Drone x3  
  92  7:39  Overlord  
  92  7:40  Overlord  
  96  7:46  Hydralisk x4  
  104  7:56  Overseer  
  104  8:08  Roach x2, Hydralisk  
  104  8:09  Roach x3, Hydralisk  
  104  8:10  Roach  
  120  8:23  Centrifical Hooks  
  120  8:29  Extractor  
  119  8:42  Zerg Ground Armor Level 1  
  119  8:47  Hydralisk  
  121  8:51  Overlord x4  
  121  8:52  Overlord  
  121  8:55  Baneling  
  121  8:56  Baneling x7  
  121  9:10  Overseer  
  121  9:35  Drone x4  
  125  10:04  Hydralisk  
  125  10:05  Hydralisk x8  
  125  10:06  Zergling x6  
  148  10:07  Zergling x4  
  148  10:08  Zergling x12  
  148  10:09  Zergling x4  
  156  10:14  Zerg Melee Weapons Level 2  
  156  10:22  Overseer, Infestation Pit  
  156  10:24  Overlord  
  156  10:25  Overlord x2  
  155  10:31  Roach  
  155  10:32  Roach x2  
  161  10:38  Zerg Ground Armor Level 2  
  161  10:44  Drone x3  
  164  11:01  Overlord x3  
  164  11:05  Hive  
  164  11:13  Spire  
  163  11:27  Hatchery  
  162  11:55  Baneling x9  
  162  11:56  Baneling x7  
  162  11:57  Baneling  
  162  11:58  Baneling  
  162  12:30  Greater Spire  
  162  12:33  Corruptor  
  162  12:34  Corruptor x3  
  162  12:35  Corruptor x4  
  162  12:36  Corruptor x2  
  182  12:40  Corruptor x3  
  188  13:05  Drone  
  188  13:06  Drone x2  
  188  13:07  Drone  
  188  13:08  Drone  
  135  13:52  Brood Lord x2  
  135  13:53  Brood Lord x6  
  135  13:54  Brood Lord  
  130  14:02  Zergling x4  
  110  14:03  Zergling x44  
  90  14:51  Roach x17  
  124  14:54  Hydralisk  
  126  15:14  Hatchery  
  125  15:37  Zergling x6  
  125  15:38  Zergling x12  
  132  16:00  Hydralisk  
  132  16:01  Hydralisk x5  
  113  16:43  Hydralisk x9  
Tags
 
Add a new tag
Caveats
  • Supply blocks, unpowered buildings, or Contaminate may cause inaccurate times.
  • Supply counts are checked every 10 seconds.